 Dungeon Crawl Stone Soup version 0.24.0-123-gd5b16e6ec5 (webtiles) character file.

Game seed: 2541220628063457908, levelgen mode: deterministic

303 DavidChitty2 the Chopper (level 6, -17/55 HPs)
             Began as a Minotaur Fighter on Jan 8, 2020.
             Was an Initiate of Makhleb.
             Demolished by an ogre
             ... wielding a +0 giant spiked club
              (28 damage)
             ... on level 4 of the Dungeon.
             The game lasted 00:05:33 (3095 turns).

DavidChitty2 the Chopper (Minotaur Fighter)         Turns: 3095, Time: 00:05:33

Health: -17/55     AC:  9    Str: 22    XL:     6   Next: 15%
Magic:  14/14      EV:  6    Int:  5    God:    Makhleb [......]
Gold:   189        SH: 10    Dex: 10    Spells: 5/5 levels left

rFire    . . .     SeeInvis .   a - +0 war axe
rCold    . . .     Gourm    .   c - +0 shield
rNeg     . . .     Faith    .   j - +0 chain mail
rPois    .         Spirit   .   (helmet restricted)
rElec    .         Reflect  .   (no cloak)
rCorr    .         Harm     .   (no gloves)
MR       .....                  (no boots)
Stlth    ..........             (no amulet)
HPRegen  0.18/turn              o - ring of magical power
MPRegen  0.14/turn              (no ring)

@: no status effects
A: retaliatory headbutt, horns 2
a: Renounce Religion


You were on level 4 of the Dungeon.
You worshipped Makhleb.
Makhleb was noncommittal.
You were not hungry.

You visited 1 branch of the dungeon, and saw 4 of its levels.

You collected 189 gold pieces.

Inventory:

Hand Weapons
 a - a +0 war axe (weapon)
 b - a +1 whip of flaming
   (You took it off a gnoll on level 2 of the Dungeon)
Armour
 c - a +0 shield (worn)
 j - a +0 chain mail (worn)
   (You found it on level 2 of the Dungeon)
Jewellery
 o - a ring of magical power (left hand)
   (You found it on level 2 of the Dungeon)
Scrolls
 g - 4 scrolls of identify {@r1}
 i - a scroll of magic mapping
Potions
 d - a potion of might
 k - a potion of cancellation
 q - a potion of brilliance
Comestibles
 e - 8 rations {!d}
 f - 9 chunks of flesh


   Skills:
 + Level 4.8 Fighting
 * Level 5.3 Axes
 + Level 4.8 Armour
 + Level 4.8 Shields
 + Level 0.8 Invocations


You had 5 spell levels left.
You didn't know any spells.
Your spell library was empty.

Dungeon Overview and Level Annotations

Branches:
Dungeon (4/15)
 Temple: D:4-7

Altars:
Makhleb
Yredelemnul


Innate Abilities, Weirdness & Mutations

You reflexively headbutt those who attack you in melee.
You have a pair of horns on your head.


Message History

You miss the adder. You block the adder's attack. The adder bites you.
Your chain mail prevents you from hitting the adder.
The adder bites you but does no damage.
You miss the adder. The adder bites you but does no damage.
The adder bites you.
You closely miss the adder. The adder barely misses you.
You furiously retaliate!
You headbutt the adder!
You kill the adder!
Makhleb accepts your kill.
No target in view!
No target in view!
No target in view!
No target in view!
No target in view!
An adder comes into view.
The adder hisses angrily.
An adder is nearby!
An adder is nearby!
An adder is nearby!
You hit the adder. Your headbutt misses the adder.
You block the adder's attack. x2
You miss the adder. You headbutt the adder!
You kill the adder!
Makhleb accepts your kill.
No target in view!
No target in view!
No target in view!
No target in view!
No target in view!
No target in view!
No target in view!
No target in view!
An ogre comes into view. It is wielding a +0 giant spiked club.
The ogre shouts!
You hear a shout!
Found a bubbling ruby potion.
An ogre is nearby!
An ogre is nearby!
Okay, then.
You hit the ogre. You headbutt the ogre! You block the ogre's attack.
An orc comes into view.
Your shield and chain mail prevent you from hitting the ogre.
You headbutt the ogre.
The ogre hits you with a +0 giant spiked club!
You hit the ogre.
The ogre hits you with a +0 giant spiked club!!
* * * LOW HITPOINT WARNING * * *
You slash the ogre! You headbutt the ogre.
The ogre hits you with a +0 giant spiked club!!
Ouch! That really hurt!
You die...

#.********,, #.,,,,,,**,*
##,,,,,,**,* *,,,,,,,,,*
####**,,,,,,,,,, #..,,+,,,,,****#
#.#***,,,,,* #
*********#########.##############
**,,,,,,,...o!.O@................
**,*,,,###########.###.##...##...
**,*>,,..........................
**,*,*,########....###....####.#.
,,,,,*,,,,* #.#.##..#...#....#.
,,,******,****#.#.....###.#.#....
,**** *,,,*,..#####.###...#.###
,,,,*******,*.###***#.......#.#*,
,,,,,,,,,,,,#.,>,,........#.#.#*,


You could see an ogre and an orc.

Vanquished Creatures
  A howler monkey (D:4)
  A crimson imp (D:3)
  Jessica (D:2)
  An orc wizard (D:4)
  4 gnolls
  7 adders
  A shadow imp (D:4)
  4 worms
  A leopard gecko (D:2)
  3 orcs (D:4)
  A ball python (D:2)
  3 giant cockroaches
  4 hobgoblins
  10 jackals
  2 quokkas
  4 bats
  4 frilled lizards
  3 goblins
  3 kobolds
  A quokka skeleton (D:3)
  4 rats
63 creatures vanquished.

Notes
Turn   | Place    | Note
-------+----------+-------------------------------------------
     0 | D:1      | DavidChitty2 the Minotaur Fighter began the quest for the
                  | Orb.
     0 | D:1      | Reached XP level 1. HP: 19/19 MP: 0/0
   346 | D:1      | Reached XP level 2. HP: 24/27 MP: 1/1
   823 | D:2      | Noticed Jessica
   824 | D:2      | Killed Jessica
   824 | D:2      | Reached skill level 3 in Axes
   824 | D:2      | Reached XP level 3. HP: 33/33 MP: 2/2
  1253 | D:2      | Reached XP level 4. HP: 39/40 MP: 3/3
  1633 | D:2      | Reached skill level 4 in Axes
  2152 | D:3      | Found a basalt altar of Yredelemnul.
  2347 | D:3      | Reached XP level 5. HP: 46/47 MP: 4/4
  2556 | D:3      | Found a burning altar of Makhleb.
  2810 | D:3      | Became a worshipper of Makhleb the Destroyer
  2868 | D:4      | Lost intelligence.
  2962 | D:4      | Reached skill level 5 in Axes
  2978 | D:4      | Reached XP level 6. HP: 55/55 MP: 5/5
  3095 | D:4      | Demolished by an ogre

Levels and vault maps discovered:
D:1:      sevenhm_arrival_forest_fort_large_4, layout_basic
D:2:      layout_basic, first_ration, minmay_distorted, uniq_jessica
D:3:      layout_loops_ring, makhleb_grotto_becter, yredelemnul_altar_generic
D:4:      layout_basic, uniq_natasha

Skill      XL: |  1  2  3  4  5 |
---------------+----------------+-----
Fighting       | 4 |  4.8
Axes           | 3 4 5 |  5.3
Armour         | 4 |  4.8
Shields        | 4 |  4.8
Invocations    | |  0.8

Action                   |  1- 3 |  4- 6 || total
-------------------------+-------+-------++-------
Melee: War axe           |    58 |   128 ||   186
       Headbutt          |     6 |    21 ||    27
  Use: Scroll            |       |     9 ||     9
  Eat: Chunk             |     1 |     6 ||     7
Armor: Scale mail        |     6 |       ||     6
       Chain mail        |    15 |    64 ||    79
Dodge: Dodged            |    10 |    25 ||    35
Block: Shield            |    38 |    65 ||   103
